 Dungeon Crawl Stone Soup version 0.28.0-43-g3370ac3207 (webtiles) character file.

Game seed: 12246406517221230670

1153 CryoSword the Firebug (level 7, 0/57 HPs)
             Began as a Demigod Fire Elementalist on Mar 16, 2022.
             Slain by a killer bee (4 damage)
             ... on level 7 of the Dungeon.
             The game lasted 00:09:19 (7250 turns).

CryoSword the Firebug (Demigod Fire Elementalist)   Turns: 7250, Time: 00:09:20

Health: 0/57       AC:  5    Str: 13    XL:     7   Next: 94%
Magic:  18/24      EV: 12    Int: 21    God:
Gold:   70         SH:  0    Dex: 14    Spells: 3/13 levels left

rFire   . . .      SeeInvis .   o - +8 trident "Gokac" {venom, MP+9}
rCold   . . .      Faith    .   (no shield)
rNeg    + . .      Spirit   .   a - +0 robe
rPois   .          Reflect  .   d - +1 helmet
rElec   .          Harm     .   (no cloak)
rCorr   .          Rampage  .   r - +0 pair of gloves
Will    .....                   (no boots)
Stlth   ++........              (no amulet)
HPRegen 0.19/turn               l - ring of positive energy
MPRegen 0.19/turn               (no ring)

@: marked
A: high MP 1, forlorn, divine attributes
a: no special abilities


You were on level 7 of the Dungeon.
You visited 1 branch of the dungeon, and saw 7 of its levels.

You collected 208 gold pieces.
You spent 138 gold pieces at shops.

Inventory:

Hand Weapons
 o - the +8 trident "Gokac" (weapon) {venom, MP+9}
   (You found it on level 4 of the Dungeon)

   It poisons the flesh of those it strikes.
   MP:        It affects your magic capacity (+9).
Missiles
 c - 2 curare-tipped darts
 k - 6 poisoned darts
Armour
 a - a +0 robe (worn)
 d - a +1 helmet (worn)
   (You found it on level 1 of the Dungeon)
 r - a +0 pair of gloves (worn)
   (You bought it in a shop on level 1 of the Dungeon)
Jewellery
 e - a ring of ice
   (You found it on level 6 of the Dungeon)
 j - a ring of flight
   (You found it on level 6 of the Dungeon)
 l - a ring of positive energy (left hand)
   (You found it on level 3 of the Dungeon)
Wands
 f - a wand of iceblast (5)
   (You found it on level 3 of the Dungeon)
Scrolls
 n - a scroll of brand weapon {unknown}
Potions
 b - 2 potions of haste {unknown}
 g - 2 potions of mutation {unknown}
 h - 2 potions of brilliance
 i - a potion of invisibility {unknown}
 m - 5 potions of curing {@q1}
 p - 2 potions of berserk rage
 q - a potion of might {unknown}
 s - 2 potions of magic
 t - a potion of cancellation {unknown}
 u - a potion of flight {unknown}


   Skills:
 + Level 3.3 Fighting
 + Level 2.7 Polearms
 - Level 1.7 Dodging
 - Level 1.7 Stealth
 + Level 3.6 Spellcasting
 + Level 3.7 Conjurations
 * Level 5.9 Fire Magic


You had 3 spell levels left.
You knew the following spells:

 Your Spells              Type           Power      Damage    Failure   Level
a - Foxfire               Conj/Fire      96%        2x1d8     1%          1
b - Scorch                Fire           58%        2d8       1%          2
c - Conjure Flame         Conj/Fire      24%        6-21      4%          3
d - Flame Wave            Conj/Fire      24%        2d7       17%         4

Your spell library contained the following spells:

 Spells                   Type           Power      Damage    Failure   Level
 Magic Dart               Conj           76%        1d6       2%          1
 Inner Flame              Hex/Fire       16%        N/A       11%         3
 Summon Small Mammal      Summ           12%        N/A       13%         1
 Call Imp                 Summ           3%         N/A       19%         2
 Ensorcelled Hibernation  Hex/Ice        6%         N/A       19%         2
 Mephitic Cloud           Conj/Pois/Air  9%         N/A       22%         3
 Call Canine Familiar     Summ           3%         N/A       36%         3
 Spider Form              Tmut/Pois      3%         N/A       36%         3
 Summon Guardian Golem    Hex/Summ       3%         N/A       36%         3
 Anguish                  Hex/Necr       1%         N/A       77%         4


Dungeon Overview and Level Annotations

Branches:
Dungeon (7/15)             Temple (0/1) D:6

Shops:
D:1 [   D:5 *

Annotations:
D:7 Harold


Innate Abilities, Weirdness & Mutations

You have an increased reservoir of magic. (+10% MP)
You shall have no god before yourself.
Your divine heritage dramatically boosts your attributes as you level up.


Message History

There is an open door here.
There is a stone staircase leading down here.
There is an escape hatch in the ceiling here.
Key pressed, stopping explore.
Things that are here:
a +0 robe; a +0 trident
There is an open door here.
You pick up a book of Minor Magic and begin reading...
You add the spells Magic Dart, Call Imp and Mephitic Cloud to your library.
There is an open door here.
Things that are here:
a +0 robe; a +0 trident
There is an open door here.
You see here an adder skeleton.
Done exploring.
Done exploring.
Done exploring.
As you read the scroll of identify {@r1}, it crumbles to dust.
p - a potion of berserk rage Blink to where?
As you read the scroll labelled XOODGH FE JIPH, it crumbles to dust.
It was a scroll of blinking.
As you read the scroll labelled CUITAK XOYL, it crumbles to dust.
It is a scroll of enchant armour.
Your +0 helmet glows green for a moment.
There is an open door here.
There is a stone staircase leading down here.
You climb downwards.
The adder barely misses you.
There is a stone staircase leading up here.
Flames lash the adder.
The adder's fire resistance burns away.
The adder bites you but does no damage. x2
Flames lash the bullfrog skeleton.
The bullfrog skeleton's fire resistance burns away.
The adder closely misses you.
The bullfrog skeleton hits you but does no damage.
Flames lash the adder.
The adder is burned terribly!
You kill the adder!
The bullfrog skeleton hits you.
Flames lash the bullfrog skeleton.
The bullfrog skeleton is burned terribly!
The bullfrog skeleton hits you.
Flames lash the bullfrog skeleton.
The bullfrog skeleton is burned terribly!
The bullfrog skeleton hits you.
Flames lash the bullfrog skeleton.
The bullfrog skeleton is burned terribly!
You destroy the bullfrog skeleton!
Nothing appears to happen.
You climb upwards.
There is a stone staircase leading down here.
You start resting.
You start resting.
You climb downwards.
There is a stone staircase leading up, spattered with blood here.
You see here an adder corpse.
e - a ring of ice You now have 70 gold pieces (gained 13).
Found an escape hatch in the ceiling.
m - 5 potions of curing {@q1} (gained 1)
There is an escape hatch in the ceiling here.
A scorpion comes into view.
Found a potion of berserk rage.
A scorpion is nearby!
Flames lash the scorpion.
The scorpion's fire resistance burns away.
You hear an angry hiss.
Flames lash the scorpion.
The scorpion is burned terribly!
The scorpion barely misses you. The scorpion closely misses you.
Flames lash the scorpion.
The scorpion is burned terribly!
You kill the scorpion!
An iguana comes into view.
An iguana is nearby!
An iguana is nearby!
Flames lash the iguana.
The iguana hisses angrily.
The iguana's fire resistance burns away.
Flames lash the iguana.
The iguana is burned terribly!
You kill the iguana!
p - 2 potions of berserk rage (gained 1)
Found a scale mail.
You see here a +0 scale mail.
You see here a +0 scale mail.
j - a ring of flight
Found an escape hatch in the floor.
Found a stone staircase leading down.
Key pressed, stopping explore.
There is a stone staircase leading down here.
Found a staircase to the Ecumenical Temple.
Found a whip.
Found a stone staircase leading down.
There is a fountain of clear blue water here.
Found a stone staircase leading up.
q - a puce potion
b - 2 pink potions (gained 1) Key pressed, stopping explore.
You see here an iguana skeleton.
Found a stone staircase leading down.
Done exploring.
Done exploring.
There is a stone staircase leading down here.
You climb downwards.
Found a scroll labelled NIASCH ZONAJEQE and a fuming silvery potion.
There is a stone staircase leading up here.
A howler monkey skeleton is nearby!
An iguana comes into view.
The iguana hisses angrily.
Flames lash the howler monkey skeleton.
The howler monkey skeleton's fire resistance burns away.
Flames lash the howler monkey skeleton.
The howler monkey skeleton is burned terribly!
You destroy the howler monkey skeleton!
Found a black potion.
Flames lash the iguana.
The iguana's fire resistance burns away.
Flames lash the iguana.
The iguana is burned terribly!
The iguana bites you!
Flames lash the iguana.
The iguana bites you.
Flames lash the iguana.
The iguana is burned terribly!
You kill the iguana!
Found a stone staircase leading down.
g - 2 fuming silvery potions (gained 1) Harold the Weathered comes into view.
He is wielding a +0 glaive and wearing a +3 scale mail of poison resistance.
Found a leather armour.
Found a stone staircase leading up.
You conjure some foxfire!
You conjure some foxfire!
The foxfire hits Harold but does no damage.
Harold shouts!
You hear an angry buzzing noise.
You conjure some foxfire!
The foxfire hits Harold. x2
The foxfire hits Harold but does no damage.
Harold fires a harpoon shot at you. The harpoon shot hits you!
You are yanked forward by the harpoon shot.
Flames lash Harold.
Harold's fire resistance burns away.
A killer bee comes into view.
Harold hits you with a +0 glaive!
* * * LOW HITPOINT WARNING * * *
The foxfire hits Harold but does no damage.
Flames lash Harold but do no damage.
The foxfire hits Harold but does no damage.
Harold hits you with a +0 glaive!!
* * * LOW HITPOINT WARNING * * *
Okay, then.
Okay, then.
Okay, then.
You puncture Harold!
Harold points at you and mumbles some strange words.
A sentinel's mark forms upon you.
You hit Harold.
A killer bee comes into view.
The killer bee stings you.
You die...

##.................
#........# ......!
[##........###.......
.........#...†.......
###...................#
y...##............#...#
......>....##.<.........
..........####...#..#.#.
......y@.# #......#
......@....# ......##
...........##..?.....
.#...#<....#..........
#..###...............
.... #.....##......#.
... ....... .. ........


You could see Harold (combustible) and 2 killer bees.

Vanquished Creatures
  Prince Ribbit (D:5)
  An ogre (D:5)
  A centaur (D:5)
  A kobold brigand (D:4)
  A scorpion (D:6)
  5 wights
  An orc priest (D:5)
  A hound (D:4)
  2 bullfrog skeletons
  A centaur skeleton (D:4)
  5 iguanas
  A hound skeleton (D:5)
  A mummy (D:3)
  A howler monkey skeleton (D:7)
  8 adders
  A white imp (D:5)
  An adder skeleton (D:5)
  A worm (D:5)
  6 dart slugs
  4 orcs (D:5)
  4 ball pythons
  5 endoplasms
  A giant cockroach (D:1)
  4 hobgoblins
  6 jackals
  2 quokkas
  12 bats
  3 frilled lizards
  5 goblins
  8 kobolds
  A rat (D:2)
95 creatures vanquished.

Vanquished Creatures (others)
  174 foxfires
174 creatures vanquished.

Grand Total: 269 creatures vanquished

Notes
Turn   | Place    | Note
-------+----------+-------------------------------------------
     0 | D:1      | CryoSword the Demigod Fire Elementalist began the quest for
                  | the Orb.
     0 | D:1      | Reached XP level 1. HP: 14/14 MP: 5/5
    35 | D:1      | Found Colele's Armour Shoppe.
    71 | D:1      | Reached skill level 1 in Conjurations
   425 | D:1      | Reached XP level 2. HP: 22/22 MP: 7/7
   431 | D:1      | Reached skill level 3 in Fire Magic
   447 | D:1      | Learned a level 2 spell: Scorch
   865 | D:1      | Reached XP level 3. HP: 27/27 MP: 2/8
  1160 | D:2      | Reached skill level 1 in Fighting
  2630 | D:3      | Reached XP level 4. HP: 35/35 MP: 0/10
  3495 | D:4      | Identified the +8 trident "Gokac" {venom, MP+9}
  3640 | D:4      | Reached skill level 4 in Fire Magic
  3782 | D:4      | Reached XP level 5. HP: 39/41 MP: 11/11
  4060 | D:4      | HP: 2/41 [hound (5)]
  4203 | D:5      | Entered Level 5 of the Dungeon
  4203 | D:5      | Noticed a centaur
  4207 | D:5      | Killed a centaur
  4208 | D:5      | Reached skill level 1 in Polearms
  4208 | D:5      | Reached XP level 6. HP: 18/48 MP: 13/13
  5193 | D:5      | Reached skill level 5 in Fire Magic
  5274 | D:5      | Reached XP level 7. HP: 44/56 MP: 14/14
  5275 | D:5      | Noticed Prince Ribbit
  5284 | D:5      | Found Munucw's Merry Market.
  5285 | D:5      | Killed Prince Ribbit
  5366 | D:5      | Learned a level 3 spell: Conjure Flame
  5371 | D:5      | Learned a level 4 spell: Flame Wave
  5486 | D:1      | Bought a +0 pair of gloves for 58 gold pieces
  5593 | D:5      | Bought a potion of magic for 80 gold pieces
  6923 | D:6      | Found a staircase to the Ecumenical Temple.
  7242 | D:7      | Noticed Harold
  7250 | D:7      | Slain by a killer bee

Illustrated notes

Levels and vault maps discovered:
D:1:      eino_arrival_druids_welcome, layout_basic, serial_shops,
          nicolae_shop_waterfront
D:2:      layout_basic, chequers_ecumenical_altar_simple
D:3:      layout_loops_ring, slow_altar_1, grunt_temple_overflow_open
D:4:      layout_basic, chequers_serial_rivers_micro_d
D:5:      layout_basic, nicolae_alphabet_shops, uniq_prince_ribbit1
D:6:      layout_loops_cross, minmay_temple_entry_large_hall
D:7:      layout_cave_pools, gammafunk_ghost_icy, minmay_misc_feat_four_crosses,
          uniq_harold

Skill      XL: |  1  2  3  4  5  6  7 |
---------------+----------------------+-----
Conjurations   | 1 2 3 |  3.7
Fire Magic     | 3 4 5 |  5.9
Spellcasting   | 2 3 |  3.6
Fighting       | 1 2 3 |  3.3
Polearms       | 1 2 |  2.7
Dodging        | |  1.7
Stealth        | |  1.7

Action                   |  1- 3 |  4- 6 |  7- 9 || total
-------------------------+-------+-------+-------++-------
Melee: Whip              |    47 |     3 |       ||    50
       Punch             |     1 |       |       ||     1
       Trident           |       |    12 |     3 ||    15
 Cast: Foxfire           |    53 |    36 |     8 ||    97
       Scorch            |    25 |    39 |    39 ||   103
  Use: Scroll            |     3 |       |     4 ||     7
       Potion            |       |     1 |       ||     1
 Stab: Sleeping          |     2 |     2 |       ||     4
Armor: Robe              |    29 |     5 |     3 ||    37
Dodge: Dodged            |    76 |    31 |     7 ||   114
